 Dungeon Crawl Stone Soup version 0.28.0-43-g3370ac3207 (console) character file.

Game seed: 15354590723018070806

221 Zeor the Poker (level 5, 0/46 HPs)
             Began as a Draconian Monk on Mar 26, 2022.
             Slain by a phantom (2 damage)
             ... on level 5 of the Dungeon.
             The game lasted 00:08:29 (3226 turns).

Zeor the Poker (Draconian Monk)                     Turns: 3226, Time: 00:08:29

Health: 0/46       AC:  5    Str: 15      XL:     5   Next: 65%
Magic:  5/5        EV: 13    Int: 10 (11) God:
Gold:   109        SH:  0    Dex: 14 (15) Spells: 4/4 levels left

rFire   + . .      SeeInvis .   a - +0 spear
rCold   + . .      Faith    .   (no shield)
rNeg    . . .      Spirit   .   (armour unavailable)
rPois   +          Reflect  .   (helmet restricted)
rElec   +          Harm     .   (no cloak)
rCorr   +          Rampage  .   (no gloves)
Will    .....                   (no boots)
Stlth   ++........              (no amulet)
HPRegen 0.15/turn               e - ring of flight
MPRegen 0.09/turn               (no ring)

@: resistant, flying, studying Translocations
A: AC +5, unfitting armour, cold-blooded, horns 1, deterioration 1, strong 1
a: no special abilities


You were on level 5 of the Dungeon.
You visited 1 branch of the dungeon, and saw 5 of its levels.

You collected 109 gold pieces.

Inventory:

Hand Weapons
 a - a +0 spear (weapon)
Missiles
 f - 30 arrows
Armour
 b - a +0 pair of gloves
Magical Staves
 h - a staff of fire
Jewellery
 e - a ring of flight (left hand)
Scrolls
 d - 2 scrolls of fog


   Skills:
 + Level 3.9 Fighting
 * Level 5.1 Polearms
 + Level 3.5 Dodging
 + Level 2.6 Stealth


You had 4 spell levels left.
You didn't know any spells.
Your spell library was empty.

Dungeon Overview and Level Annotations

Branches:
Dungeon (5/15)
 Temple: D:4-7

Altars:

Shops:
D:5 *


Innate Abilities, Weirdness & Mutations

Your plain brown scales are hard. (AC +5)
You cannot fit into any form of body armour.
You are cold-blooded and may be slowed by cold attacks.
You have a pair of small horns on your head.
Your body sometimes deteriorates upon taking damage.
Your muscles are strong. (Str +2)


Message History

The phantom misses you.
You closely miss the phantom. You headbutt the phantom.
The phantom is heavily damaged.
The phantom hits you but does no damage.
Enter note: fuck off fuck off fuck off fuck off fuck off fuck offffjoilkwrjg;nifosklaejbnm;okflj You barely miss the phantom.
The phantom is moderately damaged.
The phantom hits you.
* * * LOW HITPOINT WARNING * * *
There are monsters nearby!
You hit the phantom. You headbutt the phantom. You tail-slap the phantom.
The phantom is severely damaged.
The phantom misses you.
You hit the phantom but do no damage.
You tail-slap the phantom, but do no damage.
The phantom is severely damaged.
The gnoll shouts!
You hit the phantom but do no damage.
Your tail-slap misses the phantom.
The phantom is severely damaged.
The gnoll closely misses you.
The phantom hits you but does no damage.
The gnoll closely misses you. The gnoll barely misses you.
You hit the gnoll. You headbutt the gnoll. Your punch misses the gnoll.
The gnoll is moderately wounded.
The phantom hits you.
* * * LOW HITPOINT WARNING * * *
The gnoll hits you with a +0 club.
* * * LOW HITPOINT WARNING * * *
Your body deteriorates!
You feel dopey. The gnoll barely misses you. The gnoll hits you with a +0 club.
* * * LOW HITPOINT WARNING * * *
The phantom closely misses you.
Unknown command.
There are monsters nearby!
You hit the gnoll but do no damage. You headbutt the gnoll.
The gnoll is heavily wounded.
The phantom hits you.
You die... ▒<∙∙∙∙∙∙[▒ ▒∙∙∙∙∙∙∙$■ ∙∙∙∙∙∙∙∙g▒ ▒∙w∙∙∙∙∙∙▒ ▒∙∙∙∙∙∙∙∙▒ ∙∙∙∙∙∙∙g∙▒ ∙∙∙∙∙∙∙∙∙▒ ∙∙∙∙∙∙∙∙∙▒▒▒▒▒▒▒▒▒▒▒▒▒▒ ∙∙∙∙∙∙∙∙∙∙∙g∙ggd∙∙∙∙∙∙▒

∙∙∙∙∙∙∙∙∙∙∙∙∙∙gW∙∙∙∙∙∙▒
∙∙∙∙∙∙∙∙∙∙∙∙∙∙∙∙∙▒∙∙∙∙▒
∙∙∙∙∙∙∙∙∙∙∙∙∙∙∙∙∙∙∙∙∙∙▒
∙∙∙∙∙∙∙∙∙∙∙∙∙∙∙▒∙∩∙▒∙∙▒
∙∙∙∙∙∙∙∙∙▒▒▒▒▒▒∙∙∙∙∙∙∙▒
∙∙∙∙∙∙∙∙▒ ∙∙▒∙∙∙∙▒


∙∙∙∙∙∙∙ ∙∙∙∙∙∙∙▒ ∙∙∙∙∙! ∙∙∙∙∙∙∙▒ You could see a phantom and 4 gnolls.

Vanquished Creatures
  A black bear (D:3)
  A gnoll shaman (D:4)
  2 adders (D:3)
  2 worms
  A dart slug (D:1)
  5 orcs (D:3)
  9 bats
  6 endoplasms
  3 giant cockroaches (D:1)
  6 goblins
  6 hobgoblins
  2 jackals (D:2)
  3 quokkas
  8 ball pythons
  2 frilled lizards
  4 kobolds
  3 rats
64 creatures vanquished.

Vanquished Creatures (collateral kills)
  A bat (D:3)
1 creature vanquished.

Vanquished Creatures (others)
  7 plants (D:2)
7 creatures vanquished.

Grand Total: 72 creatures vanquished

Notes
Turn   | Place    | Note
-------+----------+-------------------------------------------
     0 | D:1      | Zeor the Draconian Monk began the quest for the Orb.
     0 | D:1      | Reached XP level 1. HP: 19/19 MP: 1/1
   207 | D:1      | Reached XP level 2. HP: 14/26 MP: 2/2
  1092 | D:2      | Reached XP level 3. HP: 20/31 MP: 3/3
  1256 | D:2      | Found a faded altar of an unknown god.
  1586 | D:2      | Reached skill level 4 in Polearms
  1950 | D:3      | Reached XP level 4. HP: 21/38 MP: 4/4
  2754 | D:3      | Noticed a black bear
  2755 | D:3      | Gained mutation: Your body sometimes deteriorates upon
                  | taking damage. [potion of mutation]
  2755 | D:3      | Gained mutation: You have a pair of small horns on your
                  | head. [potion of mutation]
  2755 | D:3      | Gained mutation: Your muscles are strong. (Str +2) [potion
                  | of mutation]
  2778 | D:3      | Killed a black bear
  2779 | D:3      | Reached XP level 5. HP: 30/46 MP: 5/5
  2811 | D:3      | Reached skill level 5 in Polearms
  3166 | D:4      | Noticed a phantom
  3205 | D:5      | Entered Level 5 of the Dungeon
  3210 | D:5      | Found Balaf's General Store.
  3218 | D:5      | fuck off fuck off fuck off fuck off fuck off fuck
                  | offffjoilkwrjg;nifosklaejbnm;okflj
  3224 | D:5      | HP: 2/46 [gnoll/+0 club (3)]
  3226 | D:5      | Slain by a phantom

Illustrated notes

∙∙∙∙∙∙∙∙g▒ ▒∙w∙∙∙∙∙∙▒
▒∙∙∙∙∙∙∙∙▒ ∙∙∙∙∙∙∙g∙▒
∙∙∙∙∙∙∙∙∙▒
∙∙∙∙∙∙∙∙∙▒▒▒▒▒▒▒▒▒▒▒▒▒


∙∙∙∙∙∙∙∙∙∙∙∙∙∙∙∙∙∙∙∙∙∙ ∙∙∙∙∙∙∙∙∙∙g∙g∙∙∙∙∙∙∙∙∙ ∙∙∙∙∙∙∙∙∙∙∙∙∙Wd∙∙▒
∙∙∙∙∙∙∙∙∙∙∙∙∙∙∙∙∙∙∙∙∙∙ ∙∙∙∙∙∙∙∙∙∙∙∙∙∙∙▒∙∩∙▒∙∙ ∙∙∙∙∙∙∙∙∙▒▒▒▒▒▒∙∙∙∙∙∙∙ ∙∙∙∙∙∙∙∙▒
∙∙▒∙∙∙∙ ∙∙∙∙∙∙∙ ∙∙∙∙∙∙∙ ∙∙∙∙∙! ∙∙∙∙∙∙∙ ∙∙∙ ∙∙>∙∙∙∙ Turn 3218 on D:5: fuck off
fuck off fuck off fuck off fuck off fuck offffjoilkwrjg;nifosklaejbnm;okflj

Levels and vault maps discovered:
D:1:      pf_arrival_petrified_forest, layout_basic, grunt_decor_one_mirror
D:2:      layout_rooms, serial_forest, infiniplex_forest_clump_long,
          infiniplex_forest_lined_4_way, infiniplex_forest_lined_room_3,
          infiniplex_forest_straight_3, infiniplex_forest_end_1,
          infiniplex_forest_end_2, infiniplex_forest_diagonal,
          hellmonk_ecumenical_altar_heavens_door, nicolae_elevator_lobby_plus
D:3:      layout_loops_ring, minmay_randomly_rotated_circles
D:4:      layout_loops_ring, nicolae_ossuary_entry_ruins
D:5:      layout_gridville, ebering_ghost_disaster_area, serial_shops,
          nicolae_shop_bloodbath_and_beyond, kennysheep_mini,
          nicolae_shop_stone, shop, grunt_ministairs_1,
          small_statue_intersection, uniq_blork_the_orc

Skill      XL: |  1  2  3  4  5 |
---------------+----------------+-----
Dodging        | 3 |  3.5
Polearms       | 4 5 |  5.1
Stealth        | 2 |  2.6
Fighting       | |  3.9

Action                   |  1- 3 |  4- 6 || total
-------------------------+-------+-------++-------
Melee: Spear             |   195 |    92 ||   287
       Tailslap          |    20 |    16 ||    36
       Punch             |     2 |     1 ||     3
       Headbutt          |       |     9 ||     9
  Use: Scroll            |     2 |     5 ||     7
       Potion            |       |     7 ||     7
 Stab: Sleeping          |     6 |       ||     6
       Distracted        |     2 |       ||     2
Armor: Skin              |    39 |    18 ||    57
Dodge: Dodged            |   100 |    51 ||   151
